 Dungeon Crawl Stone Soup version bcrawl-1.39.1 (webtiles) character file.

Game seed: 5624189482464773242

175679 AndrolTheGreedy the Sneak (level 5, -1/42 HPs)
             Began as a Naga Venom Mage on Aug 26, 2023.
             Slain by a bullfrog (12 damage)
             ... on level 3 of the Dungeon on Aug 27, 2023.
             The game lasted 00:06:54 (1794 turns).

AndrolTheGreedy the Sneak (Naga Venom Mage)         Turns: 1794, Time: 00:06:54

Health: -1/42      AC:  2    Str: 11    XL:     5   Next: 31%
Magic:  10/10      EV: 10    Int: 16    God:
Gold:   38         SH:  0    Dex: 11    Spells: 8/11 levels left

rFire    . . .     GDR:     23% j - +0 falchion
rCold    . . .     SeeInvis +   (no shield)
rNeg     . . .     Gourm    .   a - +0 robe
rPois    +         Faith    .   (no helmet)
rElec    .         Spirit   .   (no cloak)
rCorr    .         Reflect  .   (no gloves)
MR       .....                  (no barding)
Stlth    +++++.....             (no amulet)
HPRegen  0.17/turn              h - ring of stealth
MPRegen  0.12/turn              (no ring)

@: very slow
A: large, tail, swims, see invisible, deformed body, poison resistance, slowness
2, slow metabolism 1, spit poison 1, AC +1
a: Spit Poison


You were on level 3 of the Dungeon.
You were not hungry.

You visited 1 branch of the dungeon, and saw 3 of its levels.

You collected 38 gold pieces.

Inventory:

Hand Weapons
 j - a +0 falchion (weapon)
Armour
 a - a +0 robe (worn)
Jewellery
 h - a ring of stealth (left hand)
 m - an uncursed amulet of guardian spirit {unknown}
Scrolls
 b - a scroll of immolation {unknown}
 i - a scroll of identify
Potions
 c - a potion of berserk rage
 d - a potion of degeneration
 f - a potion of might {unknown}
 g - a potion of heal wounds {unknown}
 k - a potion of curing {unknown}
 l - a potion of invisibility {unknown}
 o - a potion of resistance {unknown}
 p - a potion of ambrosia {unknown}
Comestibles
 e - 2 rations {!d}
 n - 2 chunks of flesh


   Skills:
 - Level 1.7 Dodging
 + Level 6.2 Stealth
 + Level 3.7 Spellcasting
 - Level 1.0 Conjurations
 - Level 4.1 Poison Magic


You had 8 spell levels left.
You knew the following spells:

 Your Spells              Type           Power        Failure   Level  Hunger
a - Sting                 Conj/Pois      ##..         6%          1    None
b - Poisonous Vapours     Pois/Air       #.....       11%         2    None

Your spell library contained the following spells:

 Spells                   Type           Power        Failure   Level  Hunger
 Ignite Poison            Fire/Tmut/Pois #.......     30%         3    ####...
 Olgreb's Toxic Radiance  Pois           ###......    30%         4    #####..
 Summon Scorpions         Summ/Pois      #.......     58%         4    #####..
 Venom Bolt               Conj/Pois      ##........   86%         5    ######.


Dungeon Overview and Level Annotations

Branches:
Dungeon (3/12)

Altars:


Innate Abilities, Weirdness & Mutations

You cannot wear boots.
You can swim through water.
Your serpentine skin is tough. (AC +1)
You have supernaturally acute eyesight. (SInv)
Armour fits poorly on your strangely shaped body.
Your system is resistant to poisons. (rPois)
You cover ground very slowly.
You have a slow metabolism.
You can spit poison.


Message History

A bullfrog comes into view.
An orc wizard comes into view. It is wielding a +0 dagger.
The bullfrog gives a loud, deep croak!
You hit the leopard gecko but do no damage.
The leopard gecko is severely wounded.
You have got your breath back.
You kill the leopard gecko!
You see here a leopard gecko corpse.
The bullfrog hits you!
You barely miss the bullfrog. The bullfrog closely misses you.
The bullfrog hits you!
You hit the bullfrog.
The bullfrog is lightly wounded.
The bullfrog hits you. The bullfrog closely misses you.
You barely miss the bullfrog.
The bullfrog is lightly wounded.
The bullfrog hits you!
* * * LOW HITPOINT WARNING * * *
The bullfrog hits you!
You die...

..# #.. #.### ### ###
#...# #.# ..#
#...###.##..##
#.#.....)<...#
#.#.#####.#..##.###..#
#..?.o.†@F...........#
####.....$##.##.####.#
#......##.##.#
#......##..#.#
#......###.#.###
#......# #....)#######
#.....)# #.....†...†..
.......# #.....#######
#.....#


You could see a bullfrog and an orc wizard.

Vanquished Creatures
  An orc priest (D:3)
  Terence (D:2)
  An adder (D:2)
  An ooze (D:2)
  2 worms
  3 dart slugs
  7 leopard geckos
  3 orcs
  3 giant cockroaches
  9 goblins
  6 hobgoblins
  A jackal (D:1)
  A quokka (D:2)
  3 frilled lizards
  6 kobolds
  5 rats
53 creatures vanquished.

Notes
Turn   | Place    | Note
-------+----------+-------------------------------------------
     0 | D:1      | AndrolTheGreedy the Naga Venom Mage began the quest for the
                  | Orb.
     0 | D:1      | Reached XP level 1. HP: 15/15 MP: 3/3
   155 | D:1      | Reached XP level 2. HP: 22/22 MP: 3/5
   260 | D:1      | Reached skill level 4 in Stealth
   425 | D:1      | Reached XP level 3. HP: 28/28 MP: 3/6
   736 | D:2      | Learned a level 2 spell: Poisonous Vapours
  1020 | D:2      | Reached skill level 5 in Stealth
  1022 | D:2      | Reached XP level 4. HP: 13/36 MP: 6/8
  1239 | D:2      | Noticed Terence
  1246 | D:2      | Killed Terence
  1705 | D:3      | Reached skill level 6 in Stealth
  1705 | D:3      | Reached XP level 5. HP: 34/42 MP: 3/10
  1787 | D:3      | Noticed a bullfrog
  1794 | D:3      | Slain by a bullfrog

Skill      XL: |  1  2  3  4 |
---------------+-------------+-----
Stealth        | 4 5 6 |  6.2
Spellcasting   | 3 |  3.7
Dodging        | |  1.7
Conjurations   | |  1.0
Poison Magic   | |  4.1

Action                   |  1- 3 |  4- 6 || total
-------------------------+-------+-------++-------
Melee: Unarmed           |     3 |       ||     3
       Falchion          |    21 |    32 ||    53
 Cast: Sting             |    34 |    25 ||    59
       Poisonous Vapours |       |     6 ||     6
 Abil: Spit Poison       |    19 |     7 ||    26
 Stab: Sleeping          |     1 |     1 ||     2
  Eat: Chunk             |     2 |     4 ||     6
Armor: Robe              |     9 |     8 ||    17
Dodge: Dodged            |    16 |    28 ||    44
